 Dungeon Crawl Stone Soup version 0.23-a0-635-g88ca12a7de (webtiles) character file.

2326 HereIgoKillingAgain the Markscentaur (level 9, 0/67 HPs)
             Began as a Centaur Hunter on Dec 27, 2018.
             Was a Follower of Okawaru.
             Slain by a killer bee (9 damage)
             ... on level 7 of the Dungeon.
             The game lasted 00:08:10 (7150 turns).

HereIgoKillingAgain the Markscentaur (CeHu)         Turns: 7150, Time: 00:08:12

Health: 0/67       AC:  5    Str: 16    XL:     9   Next: 19%
Magic:  9/9        EV:  9    Int: 10    God:    Okawaru [*.....]
Gold:   337        SH:  0    Dex: 12    Spells: 8/8 levels left

rFire    . . .     SeeInvis .   b - +2 shortbow
rCold    . . .     Gourm    .   (shield currently unavailable)
rNeg     . . .     Faith    .   q - +0 leather armour of Ru's Delight {+Fly}
rPois    .         Spirit   .   A - +0 helmet
rElec    .         Reflect  .   m - scarf {cloud immunity}
rCorr    .         Harm     .   (no gloves)
MR       +....                  (no barding)
Stlth    +.........             (no amulet)
HPRegen  0.21/turn              (no ring)
MPRegen  0.11/turn              w - ring of protection from magic

@: lethally poisoned (0 -> -5), about to teleport, very quick
A: large, hooves 3, deformed body, speed 2, tough skin 3
a: Heroism, Renounce Religion, Evoke Flight


You were on level 7 of the Dungeon.
You worshipped Okawaru.
Okawaru was aware of your devotion.
You were not hungry.

You visited 2 branches of the dungeon, and saw 8 of its levels.

You collected 337 gold pieces.

Inventory:

Hand Weapons
 a - a +1 whip of electrocution
 b - a +2 shortbow (weapon)
 o - the +12 long sword "Qaluor" {slice, rC+ rN+ Str+2, unknown}
   (You found it on level 7 of the Dungeon)

   It inflicts extra damage upon your enemies.
   It affects your strength (+2).
   It protects you from cold.
   It protects you from negative energy.
 t - a +0 short sword
Missiles
 d - 80 arrows (quivered)
Armour
 c - a +0 leather armour
 m - a scarf of cloud immunity (worn)
 q - the +0 leather armour of Ru's Delight (worn) {+Fly}
   (You found it on level 5 of the Dungeon)

   It lets you fly.
 A - a +0 helmet (worn)
Jewellery
 w - a ring of protection from magic (right hand)
Wands
 r - a wand of polymorph (12)
 x - a wand of random effects (45)
 D - a wand of clouds (4)
 E - a wand of iceblast (9)
Scrolls
 g - a scroll of fear
 k - a scroll of amnesia {unknown}
 l - 4 scrolls of teleportation
 n - a scroll of identify
 s - a scroll of enchant armour {unknown}
 v - a scroll of immolation {unknown}
 y - 3 scrolls of remove curse
 B - a scroll of magic mapping {unknown}
 C - a scroll of blinking {unknown}
Potions
 e - 3 potions of mutation
 h - 2 potions of might {unknown}
 i - 2 potions of cancellation
 j - a potion of ambrosia
 z - a potion of curing
Comestibles
 f - 7 rations


   Skills:
 - Level 2.0 Fighting
 + Level 15.7 Bows
 - Level 1.3 Dodging
 - Level 0.4 Stealth


You had 8 spell levels left.
You didn't know any spells.
Your spell library contained the following spells:

 Spells                   Type           Power        Failure   Level  Hunger
 Magic Dart               Conj           #...         43%         1    ##.....
 Searing Ray              Conj           #.....       56%         2    ###....
 Dazzling Spray           Conj/Hex       #.....       80%         3    ####...
 Force Lance              Conj/Tloc      #.......     99%         4    #####..
 Fulminant Prism          Conj/Hex       #.........   99%         4    #####..
 Iskenderun's Mystic Bla  Conj           #.......     99%         4    #####..


Dungeon Overview and Level Annotations

Branches:
Dungeon (7/15)             Temple (1/1) D:5

Altars:
Ashenzari
Cheibriados
Dithmenos
Elyvilon
Fedhas
Gozag
Hepliaklqana
Kikubaaqudgha
Makhleb
Nemelex Xobeh
Okawaru
Qazlal
Ru
Sif Muna
Trog
Uskayaw
Vehumet
Wu Jian
Xom
Yredelemnul
Zin
The Shining One

Annotations:
D:5 2 runed doors, floatboth's ghost, novice SpEn


Innate Abilities, Weirdness & Mutations

You have hooves in place of feet.
Armour fits poorly on your strangely shaped body.
You cover ground very quickly.
You have extremely tough skin. (AC +3)


Message History

You feel strangely unstable.
You feel sick. The killer bee barely misses you.
The killer bee closely misses you. The killer bee stings you.
You are more poisoned.
The killer bee poisons you! The killer bee barely misses you.
The killer bee stings you.
You are more poisoned.
The killer bee poisons you! The killer bee barely misses you.
The killer bee stings you.
* * * LOW HITPOINT WARNING * * *
The killer bee stings you!
* * * LOW HITPOINT WARNING * * *
You are more poisoned.
The killer bee poisons you!
You feel better. The killer bee stings you.
* * * LOW HITPOINT WARNING * * *
The killer bee stings you.
* * * LOW HITPOINT WARNING * * *
You are poisoned.
The killer bee poisons you! The killer bee stings you!
You die...

##.........##########÷##
#..####.).≈.≈..≈...≈#..#
#..#≈≈#..≈≈...≈....≈.#.#
##..##≈##≈.≈≈..≈.≈≈≈..≈.##
#....#≈≈≈≈≈≈≈.≈≈≈≈≈.≈≈≈≈≈#
#....##≈≈≈≈≈≈≈≈≈≈≈≈≈≈≈≈≈≈≈≈
.....####....≈...[..≈.≈.####
...........≈...yy≈.....##
...............y@......#
............#..y......##
.........>..#.........#
............#.........#
............#.........#
......................#
###...................#
####....#..####.#####
###(?.#.#


You could see 4 killer bees.

Vanquished Creatures
  Pikel (D:4)
  Duvessa (D:4)
  2 orc warriors
  3 ice beasts
  A slave (D:4)
  A sky beast (D:7)
  2 ogres
  A centaur (D:5)
  A bullfrog (D:7)
  A scorpion (D:6)
  Dowan (D:4)
  6 killer bees (D:7)
  A howler monkey (D:5)
  A bullfrog skeleton (D:4)
  A hound (D:5)
  A jelly (D:5)
  3 orc wizards
  An orc priest (D:5)
  A bullfrog zombie (D:5)
  3 worker ants
  An iguana (D:6)
  2 hound skeletons
  A howler monkey skeleton (D:5)
  3 adders
  3 adder skeletons
  2 adder zombies (D:5)
  4 worms
  4 dart slugs
  2 leopard geckos
  15 orcs
  3 giant cockroaches
  6 goblins
  6 hobgoblins
  3 jackals (D:5)
  2 ball pythons
  8 bats
  6 frilled lizards
  A jackal skeleton (D:5)
  8 kobolds
  A quokka zombie (D:5)
  5 rats
119 creatures vanquished.

Notes
Turn   | Place    | Note
-------+----------+-------------------------------------------
     0 | D:1      | HereIgoKillingAgain the Centaur Hunter began the quest for
                  | the Orb.
     0 | D:1      | Reached XP level 1. HP: 17/17 MP: 1/1
    87 | D:1      | Reached skill level 6 in Bows
    87 | D:1      | Reached XP level 2. HP: 24/24 MP: 2/2
   548 | D:2      | Reached XP level 3. HP: 24/29 MP: 3/3
  1233 | D:2      | Reached skill level 7 in Bows
  1350 | D:2      | Found an opulent altar of Gozag.
  1846 | D:3      | Found a white marble altar of Elyvilon.
  1904 | D:3      | Reached XP level 4. HP: 36/36 MP: 4/4
  2280 | D:4      | Reached skill level 8 in Bows
  2446 | D:4      | Noticed Dowan
  2493 | D:4      | Killed Dowan
  2493 | D:4      | Reached XP level 5. HP: 29/41 MP: 5/5
  2531 | D:4      | Noticed Duvessa
  2569 | D:4      | Killed Duvessa
  2569 | D:4      | Reached skill level 9 in Bows
  2569 | D:4      | Reached XP level 6. HP: 26/48 MP: 6/6
  2752 | D:4      | Found a shimmering altar of Xom.
  2818 | D:4      | Noticed Pikel
  2818 | D:4      | Noticed a slave
  2818 | D:4      | Noticed a slave
  2818 | D:4      | Noticed a slave
  2818 | D:4      | Noticed a slave
  2866 | D:4      | Killed a slave
  2894 | D:4      | Killed Pikel
  2894 | D:4      | Reached skill level 11 in Bows
  2894 | D:4      | Reached XP level 7. HP: 42/55 MP: 7/7
  3144 | D:4      | Reached skill level 12 in Bows
  3524 | D:5      | Entered Level 5 of the Dungeon
  4338 | D:5      | Reached XP level 8. HP: 19/61 MP: 8/8
  4744 | D:5      | Reached skill level 13 in Bows
  4852 | D:5      | Found a large runed door.
  4852 | D:5      | Found a large runed door.
  4854 | D:5      | Noticed floatboth's ghost (novice SpEn)
  5519 | D:5      | Found a staircase to the Ecumenical Temple.
  5528 | Temple   | Entered the Ecumenical Temple
  5660 | Temple   | Became a worshipper of Warmaster Okawaru
  5752 | D:5      | Got a scorched leather armour
  5763 | D:5      | Identified the +0 leather armour of Ru's Delight {+Fly}
                  | (You found it on level 5 of the Dungeon)
  5981 | D:6      | Reached skill level 14 in Bows
  6606 | D:7      | Reached * piety under Okawaru
  6633 | D:7      | Reached skill level 15 in Bows
  6641 | D:7      | Reached XP level 9. HP: 29/67 MP: 9/9
  7148 | D:7      | Got a bone long sword
  7150 | D:7      | Slain by a killer bee

Vault maps used:
D:1:      dpeg_arrival_rooms_c
D:2:      first_ration, grunt_gozag_breadcrumbs
D:3:      elyvilon_altar_4
D:4:      xom_teletrap_fun, kennysheep_generic_room_5, uniq_duvessa, uniq_pikel
D:5:      minmay_temple_entry_fiery, ebering_ghost_disaster_area
D:7:      minmay_chambers_of_sevens, serial_rivers,
          chequers_serial_rivers_small_b, chequers_serial_rivers_small_b,
          chequers_serial_rivers_room_a, chequers_serial_rivers_small_3,
          chequers_serial_rivers_room_a
Temple:   kilobyte_greek_temple

Skill      XL: |  1  2  3  4  5  6  7  8 |
---------------+-------------------------+-----
Bows           | 6 7 8 9 11 12 15 | 15.7
Fighting       | |  2.0
Dodging        | |  1.3
Stealth        | |  0.4

Action                   |  1- 3 |  4- 6 |  7- 9 || total
-------------------------+-------+-------+-------++-------
Melee: Short sword       |   134 |       |       ||   134
       Kick              |    19 |       |    13 ||    32
       Spear             |     1 |       |       ||     1
       Whip              |       |       |    62 ||    62
 Fire: Shortbow          |    13 |   133 |   267 ||   413
  Use: Scroll            |     6 |     1 |     4 ||    11
       Potion            |       |     1 |     7 ||     8
  Eat: Chunk             |     2 |     1 |       ||     3
       Ration            |       |       |     4 ||     4
Armor: Leather armour    |    48 |    13 |    32 ||    93
Dodge: Dodged            |    68 |    13 |    74 ||   155

Table legend:
 A = Non-vault XP
 B = Vault XP
 C = Vault XP percentage of total XP
 D = Non-vault monster count
 E = Vault monster count
 F = Vault count percentage of total count
                 A         B        C        D         E       F
            +---------+---------+-------+---------+---------+-------
      Total |    2463 |     861 |  25.9 |     114 |       4 |   3.4
            +---------+---------+-------+---------+---------+-------
        D:1 |      32 |       0 |   0.0 |      17 |       0 |   0.0
        D:2 |      36 |       0 |   0.0 |      12 |       0 |   0.0
        D:3 |      36 |       0 |   0.0 |      21 |       0 |   0.0
        D:4 |     149 |     861 |  85.2 |      11 |       4 |  26.7
        D:5 |     751 |       0 |   0.0 |      30 |       0 |   0.0
        D:6 |     565 |       0 |   0.0 |      11 |       0 |   0.0
        D:7 |     894 |       0 |   0.0 |      12 |       0 |   0.0
            +---------+---------+-------+---------+---------+-------
